 Dungeon Crawl Stone Soup version 0.30-a0-313-gae38170b09 (webtiles) character file.

Game seed: 10051023650704945579

1024 greasedhog the Caller (level 8, -1/48 HPs)
             Began as a Gargoyle Summoner on Oct 26, 2022.
             Constricted to death by Blork the orc (8 damage)
             ... on level 5 of the Dungeon.
             The game lasted 00:07:54 (4510 turns).

greasedhog the Caller (Gargoyle Summoner)           Turns: 4510, Time: 00:07:56

Health: -1/48      AC:  9    Str: 11    XL:     8   Next: 22%
Magic:  11/15      EV:  8    Int: 19    God:
Gold:   158        SH:  3    Dex: 10    Spells: 4/17 levels left

rFire   . . .      SeeInvis +    h - +2 whip (flame)
rCold   . . .      Faith    .    k - +0 buckler
rNeg    + . .      Spirit   .    a - +0 robe
rPois   ∞          Reflect  .    f - +0 helmet {SInv}
rElec   +          Harm     .    g - +0 cloak
rCorr   .          Rampage  .    (no gloves)
Will    .....                    (no boots)
Stlth   ++........               (no amulet)
HPRegen 0.28/turn                (no ring)
MPRegen 0.14/turn                (no ring)

@: grasped by roots, constricted
A: sickness immunity, AC +5, negative energy resistance 1, electricity
resistance, torment resistance 1, petrification resistance
a: no special abilities


You were on level 5 of the Dungeon.
You visited 1 branch of the dungeon, and saw 5 of its levels.

You collected 158 gold pieces.

Inventory:

Hand Weapons
 h - a +2 whip of flaming (weapon)
Armour
 a - a +0 robe (worn)
 f - a +0 helmet of see invisible (worn)
 g - a +0 cloak (worn)
 k - a +0 buckler (worn)
Jewellery
 d - the ring of Orthodoxy {Will+ MP+9}
   (You found it on level 2 of the Dungeon)

   [ring of magical power]

   MP:        It affects your magic capacity (+9).
   Will:      It increases your willpower.
Wands
 q - a wand of roots (9)
Scrolls
 c - a scroll of enchant weapon
 e - 3 scrolls of magic mapping
 i - 3 scrolls of teleportation
 j - a scroll of poison {unknown}
 p - a scroll of blinking
Potions
 b - 3 potions of magic
 l - 2 potions of lignification {unknown}
 m - 2 potions of heal wounds
 n - a potion of mutation {unknown}
 o - a potion of flight {unknown}
 r - a potion of invisibility {unknown}
 s - a potion of brilliance {unknown}


   Skills:
 + Level 3.9 Fighting
 + Level 3.3 Maces & Flails
 - Level 1.5 Dodging
 - Level 2.1 Stealth
 * Level 5.2 Spellcasting
 * Level 6.1 Summonings


You had 4 spell levels left.
You knew the following spells:

 Your Spells              Type           Power      Damage    Failure   Level
a - Summon Small Mammal   Summ           100%       N/A       1%          1
b - Call Imp              Summ           28%        N/A       1%          2
c - Call Canine Familiar  Summ           28%        N/A       3%          3
d - Summon Guardian Gole  Hex/Summ       16%        N/A       14%         3
e - Summon Lightning Spi  Summ/Air       16%        N/A       43%         4

Your spell library contained the following spells:

 Spells                   Type           Power      Damage    Failure   Level
 Beastly Appendage        Tmut           10%        N/A       17%         1
 Sandblast                Erth           10%        2d5       17%         1
 Ensorcelled Hibernation  Hex/Ice        10%        N/A       26%         2
 Passwall                 Tmut/Erth      4%         N/A       26%         2
 Wereblood                Tmut           5%         N/A       26%         2
 Spider Form              Tmut/Pois      5%         N/A       45%         3
 Stone Arrow              Conj/Erth      10%        3d7       45%         3
 Swiftness                Air            5%         N/A       45%         3
 Blade Hands              Tmut           2%         N/A       99%         5
 Irradiate                Conj/Tmut      2%         3d12      99%         5
 Dragon Form              Tmut           2%         N/A       100%        7


Dungeon Overview and Level Annotations

Branches:
Dungeon (5/15)
 Temple: D:4-7

Altars:
Trog

Shops:
D:1 =   D:3 [

Annotations:
D:5 Blork the orc, Ijyb


Innate Abilities, Weirdness & Mutations

You are immune to sickness and miasma.
Your stone body is resilient. (AC +5)
You are immune to poison.
You resist negative energy. (rN+)
You are resistant to electric shocks. (rElec)
You are resistant to unholy torment.
You are immune to petrification.


Message History

Your quokka bites Blork the orc but does no damage.
Your hound bites Blork the orc.
Unknown command.
You barely miss Ijyb.
Ijyb is moderately wounded.
Your hound barely misses Blork the orc.
Ijyb zaps a wand.
The roots erupt in riotous growth!
The grasping roots grab you! Roots grab your white imp.
Ijyb is unaffected.
The grasping roots constrict your white imp.
Your white imp dies!
Your white imp disappears in a puff of smoke!
The grasping roots constrict you.
Blork the orc looks encouraged for a moment.
Your quokka closely misses Blork the orc.
Your hound barely misses Blork the orc.
You hear a shout!
Casting: Summon Small Mammal (safe; 1% risk of failure)
Confirm with . or Enter, or press ? or * to list all spells.
A beastly little devil appears in a puff of flame.
Your quokka bites Blork the orc but does no damage.
Ijyb hits you with a +4 club! The grasping roots constrict you.
Blork the orc drinks a potion.
Blork the orc is healed!
Your hound closely misses Blork the orc.
Your quokka bites Blork the orc.
You barely miss Ijyb.
Ijyb is moderately wounded.
Your hound bites Blork the orc.
Ijyb screams, "Level is mine!
All mine!"
Ijyb hits you with a +4 club!
* * * LOW HITPOINT WARNING * * *
The grasping roots constrict you.
* * * LOW HITPOINT WARNING * * *
You escape the roots grasp.
Ijyb attacks as you move away! Ijyb hits you with a +4 club.
* * * LOW HITPOINT WARNING * * *
Blork the orc zaps a wand.
The roots erupt in riotous growth!
The grasping roots grab you! The grasping roots constrict you!
You die...

........... .....#
#.......... .....#
#..#...$..... .....#
+..#..h..... .....#
#..#..ro..# .....#
#..#......# .....####
#..#......#
.....#..###..#....5g#
...5.'.......###@#......#
.....#...........#......#
.#'###>.##...##..#......#
.#.h##5.##...##..#......#
.#...#.5......#..#...)..#
.#...#.......#####.......
.#>.########+# #######
.#..## .#...#


You could see Blork the orc (ally target), Ijyb, a friendly hound (summoned,
poisoned), a friendly crimson imp (summoned) and a friendly quokka (summoned).

Vanquished Creatures
  Eustachio (D:4)
  An ice beast (D:5)
  A necrophage (D:4)
  A scorpion (D:4)
  3 hounds (D:4)
  Jessica (D:3)
  An iguana (D:4)
  2 orc wizards (D:3)
  6 adders
  An ufetubus (D:5)
  2 worms (D:3)
  2 dart slugs
  7 orcs
  4 ball pythons
  4 bats
  5 endoplasms
  A giant cockroach (D:1)
  5 goblins
  6 hobgoblins
  7 kobolds
  3 quokkas
  4 frilled lizards
  4 rats
72 creatures vanquished.

Vanquished Creatures (collateral kills)
  Grinder (D:4)
  2 scorpions (D:4)
  An iguana (D:4)
  An adder (D:5)
  A dart slug (D:1)
  2 orcs (D:3)
  A hobgoblin (D:1)
  2 kobolds
  2 rats
13 creatures vanquished.

Vanquished Creatures (others)
  A wizard (D:3)
1 creature vanquished.

Grand Total: 86 creatures vanquished

Notes
Turn   | Place    | Note
-------+----------+-------------------------------------------
     0 | D:1      | greasedhog the Gargoyle Summoner began the quest for the
                  | Orb.
     0 | D:1      | Reached XP level 1. HP: 10/10 MP: 3/3
   114 | D:1      | Found Erarek's Jewellery Shoppe.
   303 | D:1      | Reached XP level 2. HP: 16/16 MP: 1/5
   306 | D:1      | Learned a level 2 spell: Call Imp
   730 | D:1      | Reached skill level 1 in Fighting
  1173 | D:1      | Reached XP level 3. HP: 20/20 MP: 6/6
  1180 | D:1      | Reached skill level 4 in Summonings
  1423 | D:2      | Found a faded altar of an unknown god.
  1495 | D:2      | Reached XP level 4. HP: 25/25 MP: 8/8
  1807 | D:2      | Reached skill level 1 in Maces & Flails
  1815 | D:2      | Identified the ring of Orthodoxy {Will+ MP+9}
  2233 | D:3      | Noticed Jessica
  2239 | D:3      | Killed Jessica
  2240 | D:3      | Reached XP level 5. HP: 29/30 MP: 4/9
  2428 | D:3      | Found Yxkiziub's Armour Shoppe.
  2605 | D:3      | Learned a level 3 spell: Call Canine Familiar
  2611 | D:3      | Learned a level 3 spell: Summon Guardian Golem
  3078 | D:3      | Found a bloodstained altar of Trog.
  3079 | D:3      | Noticed a wizard
  3084 | D:3      | Killed a wizard
  3179 | D:4      | Reached XP level 6. HP: 27/35 MP: 11/11
  3266 | D:4      | Noticed Grinder
  3274 | D:4      | Paralysed by Grinder for 4 turns
  3287 | D:4      | Paralysed by Grinder for 3 turns
  3298 | D:4      | Killed Grinder
  3299 | D:4      | Reached skill level 5 in Summonings
  3299 | D:4      | Reached XP level 7. HP: 17/40 MP: 7/13
  3793 | D:4      | Noticed Eustachio
  3833 | D:4      | Killed Eustachio
  3834 | D:4      | Reached skill level 5 in Spellcasting
  3834 | D:4      | Reached XP level 8. HP: 8/48 MP: 12/15
  4182 | D:4      | Reached skill level 6 in Summonings
  4279 | D:4      | Learned a level 4 spell: Summon Lightning Spire
  4297 | D:5      | Entered Level 5 of the Dungeon
  4498 | D:5      | Noticed Blork the orc
  4499 | D:5      | Noticed Ijyb
  4510 | D:5      | Constricted to death by Blork the orc

Illustrated notes

Levels and vault maps discovered:
D:1:      evilmike_arrival_hilbert_curve, layout_basic, serial_shops, shop
D:2:      layout_loops_ring, ebering_ecumenical_altar_hall
D:3:      layout_basic, trog_wizard, serial_shops, nicolae_shop_statue_plus,
          minivault_14, uniq_jessica
D:4:      layout_cave_pools, minmay_misc_feat_square, minmay_box_of_dots,
          uniq_eustachio, uniq_grinder
D:5:      layout_gridville, mainiacjoe_overflow_cross_hatched,
          gammafunk_ghost_gnarly_gnolls, uniq_blork_the_orc, uniq_ijyb

Skill      XL: |  1  2  3  4  5  6  7  8 |
---------------+-------------------------+-----
Fighting       | 1 2 3 |  3.9
Summonings     | 4 5 6 |  6.1
Maces & Flails | 1 2 3 |  3.3
Spellcasting   | 3 4 5 |  5.2
Dodging        | |  1.5
Stealth        | |  2.1

Action                   |  1- 3 |  4- 6 |  7- 9 || total
-------------------------+-------+-------+-------++-------
Melee: Dagger            |    21 |       |       ||    21
       Unarmed           |     6 |       |       ||     6
       Trident           |    15 |       |       ||    15
       Whip              |    78 |   139 |   103 ||   320
       Punch             |     1 |       |       ||     1
 Cast: Summon Small Mamm |     7 |     1 |     2 ||    10
       Call Imp          |       |    17 |    10 ||    27
       Call Canine Famil |       |     1 |     3 ||     4
  Use: Scroll            |     2 |     4 |       ||     6
       Potion            |       |     1 |       ||     1
 Stab: Sleeping          |     2 |     5 |       ||     7
       Distracted        |     1 |       |     1 ||     2
Armor: Robe              |    47 |    61 |    57 ||   165
Dodge: Dodged            |    82 |    73 |    88 ||   243
Block: Buckler           |       |    13 |    14 ||    27

Table legend: (Time is in decaauts)
 A = Elapsed time spent in this place.
 B = Non-inter-level travel time spent in this place.
 C = Inter-level travel time spent in this place.
 D = Time resting spent in this place.
 E = Time spent auto-exploring this place.
 F = Levels seen in this place.
 G = Mean time per level.
                   A        B        C        D        E       F      G
               +--------+--------+--------+--------+--------+-----+--------+
         Total |   4531 |   4381 |    150 |    504 |   3039 |   5 |  906.2 |
       Dungeon |   4531 |   4381 |    150 |    504 |   3039 |   5 |  906.2 |
               +--------+--------+--------+--------+--------+-----+--------+

Top non-repeatable levels by time:
     D:1: 1223 daAuts
     D:4: 1163 daAuts
     D:3: 1099 daAuts
     D:2: 832 daAuts
     D:5: 212 daAuts
